 Dungeon Crawl Stone Soup version 0.22.1-2-g9c5b331383 (webtiles) character file.

21280 Gargoyl the Protected (level 12, 0/90 HPs)
             Began as a Centaur Abyssal Knight on Dec 22, 2018.
             Was a High Priest of Lugonu.
             Slain by a black mamba (11 damage)
             ... on level 2 of the Lair of Beasts.
             The game lasted 00:30:33 (17386 turns).

Gargoyl the Protected (Centaur Abyssal Knight)     Turns: 17386, Time: 00:30:34

Health: 0/90       AC: 20    Str: 18    XL:     12   Next: 52%
Magic:  19/19      EV:  4    Int: 11    God:    Lugonu [*****.]
Gold:   249        SH:  0    Dex: 12    Spells: 11/11 levels left

rFire    . . .     SeeInvis +   s - +1 hand axe (elec)
rCold    . . .     Gourm    .   (no shield)
rNeg     + . .     Faith    .   m - +2 plate armour
rPois    +         Spirit   .   C - +2 helmet
rElec    .         Reflect  .   (no cloak)
rCorr    .         Harm     .   j - +1 pair of gloves {Dex+3}
MR       .....                  (no barding)
Stlth    ..........             J - amulet of regeneration
HPRegen  0.65/turn              d - ring of positive energy
MPRegen  0.16/turn              y - ring of poison resistance

@: drained, very quick
A: large, hooves 3, see invisible, clumsy 1, deformed body, speed 2, frail 1,
tough skin 3
a: Depart the Abyss, Bend Space, Banish, Corrupt, Enter the Abyss, Renounce
Religion


You were on level 2 of the Lair of Beasts.
You worshipped Lugonu.
Lugonu was extremely pleased with you.
You were not hungry.

You visited 2 branches of the dungeon, and saw 13 of its levels.
You visited the Abyss 1 time.

You collected 549 gold pieces.
You spent 300 gold pieces at shops.

Inventory:

Hand Weapons
 a - a +3 hand axe
 s - a +1 hand axe of electrocution (weapon)
 t - a +0 war axe
Missiles
 w - a silver tomahawk (quivered)
 z - 227 arrows
Armour
 j - a +1 pair of gloves of dexterity (worn)
 m - a +2 plate armour (worn)
 C - a +2 helmet (worn)
Jewellery
 d - a ring of positive energy (left hand)
 f - an uncursed ring of positive energy
 y - a ring of poison resistance (right hand)
 B - the ring of the Mackerel {rC+ EV+2 Int+3}
   (You found it on level 4 of the Dungeon)

   [ring of evasion]

   It affects your evasion (+2).
   It affects your intelligence (+3).
   It protects you from cold.
 E - an uncursed ring of protection from fire
 H - an uncursed ring of flight {unknown}
 I - an uncursed ring of resist corrosion
 J - an amulet of regeneration (around neck)
 K - an uncursed ring of magical power {unknown}
 N - a +4 ring of evasion {unknown}
Wands
 q - a wand of paralysis (7)
 u - a wand of iceblast (9)
 D - a wand of random effects (28)
 G - a wand of flame (29)
Scrolls
 b - 3 scrolls of magic mapping
 g - 3 scrolls of fear
 h - 10 scrolls of teleportation
 A - 3 scrolls of fog
 F - 2 scrolls of remove curse
 M - a scroll of enchant armour
Potions
 i - 5 potions of haste
 k - a potion of resistance
 l - 2 potions of curing
 n - a potion of might
 o - 2 potions of cancellation
 p - a potion of invisibility
 r - 2 potions of brilliance
 v - 4 potions of flight
 x - a potion of heal wounds
Comestibles
 c - 25 rations
 L - 4 chunks of flesh


   Skills:
 + Level 7.3(6.1) Fighting
 + Level 9.7(8.5) Axes
 + Level 1.2(0.3) Throwing
 * Level 11.1(9.8) Armour
 + Level 2.6(1.6) Dodging
 * Level 9.9(8.7) Invocations
 + Level 0.8(0.0) Evocations


You had 11 spell levels left.
You didn't know any spells.
Your spell library contained the following spells:

 Spells                   Type           Power        Failure   Level  Hunger
 Ignite Poison            Fire/Tmut/Pois #.......     100%        3    ####...
 Fireball                 Conj/Fire      #.........   100%        5    ######.
 Bolt of Fire             Conj/Fire      #.........   100%        6    #######
 Ring of Flames           Chrm/Fire      #.........   100%        7    #######
 Ignition                 Fire           #.........   100%        8    #######


Dungeon Overview and Level Annotations

Branches:
Dungeon (10/15)            Temple (0/1) D:5            Lair (3/6) D:10
    Orc (0/2) D:9
  Swamp: Lair:2-4    Shoals: Lair:2-4     Snake: Lair:2-4    Spider: Lair:2-4

Altars:
Dithmenos
Okawaru
Trog
The Shining One
Beogh

Shops:
D:10 =

Annotations:
Abyss:1 Sonja


Innate Abilities, Weirdness & Mutations

You have hooves in place of feet.
Armour fits poorly on your strangely shaped body.
You cover ground very quickly.
You have extremely tough skin. (AC +3)
You have supernaturally acute eyesight. (SInv)
You are clumsy. (Dex -2)
You are frail. (-10% HP)


Message History

The hell rat bites the plant!
The black mamba bites you but does no damage.
The hell rat completely misses the plant.
The black mamba bites you but does no damage.
There is a stone staircase leading up here.
The black mamba bites you but does no damage.
The bullfrog hits you but does no damage.
You climb upwards.
There is a stone staircase leading down here.
You hit the black mamba. Your kick misses the black mamba.
The black mamba is severely wounded.
The black mamba bites you!
* * * LOW HITPOINT WARNING * * *
The black mamba bites you!
* * * LOW HITPOINT WARNING * * *
You miss the black mamba.
The black mamba is severely wounded.
The black mamba bites you but does no damage.
The black mamba bites you!
You die...

#######...### #........#.###....
### #....#####...)....#.##.....
#.# #......#............K.§....
##.###.................########.
#.....................## #.
#........##...........## ###.
#........P###..........######...
##.#.##...## #..........##..###..
#P..##.....###..@#.#P............
##.####........S.####............
#..## #....P.##..#####..#####.###
##..###..>..##...##..#..P# ### #
##.........####.........##
#.<..........##.........## ###
##................†>.....###.####
#.......##.##...........##.###.#
###.#...#####...................


You could see a black mamba.

Vanquished Creatures
  Gastronok (Lair:2)
  Harold (D:7)
  2 two-headed ogres
  5 death yaks
  Pikel (D:6)
  The ghost of Asdor the Slasher, a novice DsCK of Xom (D:6)
  2 spiny frogs
  A komodo dragon (Lair:1)
  A troll (D:8)
  4 hippogriffs
  8 blink frogs
  21 yaks
  A spriggan (D:9)
  A wyvern (Lair:2)
  2 water moccasins
  Duvessa (D:6)
  4 porcupines
  5 orc warriors
  A sky beast (D:9)
  2 ice beasts
  A phantom (D:8)
  2 black bears
  2 slaves (D:6)
  4 wolves (Lair:2)
  5 ogres
  6 centaurs
  3 crocodiles (Lair:1)
  12 bullfrogs
  Dowan (D:6)
  A wyvern skeleton (D:6)
  4 scorpions
  3 killer bees (D:9)
  A howler monkey (D:4)
  2 electric eels (Lair:1)
  4 crimson imps
  2 quasits
  A jelly (D:7)
  A gnoll shaman (D:4)
  6 orc priests
  6 hounds
  9 orc wizards
  4 iguanas
  A hell rat (Lair:3)
  6 worker ants
  3 hound skeletons
  A howler monkey skeleton (D:5)
  14 gnolls
  12 adders
  3 shadow imps
  An adder skeleton (D:6)
  3 worms
  A dart slug (D:1)
  6 leopard geckos
  53 orcs
  6 bats
  5 giant cockroaches
  6 goblins
  7 hobgoblins
  11 jackals
  7 quokkas
  6 frilled lizards
  7 kobolds
  A quokka skeleton (D:4)
  8 rats
  5 fungi (D:10)
  A plant (D:10)
319 creatures vanquished.

Vanquished Creatures (collateral kills)
  A centaur skeleton (D:9)
  An adder (D:9)
  An orc (D:9)
3 creatures vanquished.

Vanquished Creatures (others)
  An unseen horror (D:10)
  3 oklob plants (Lair:3)
  2 slaves (D:6)
  An orc priest (D:7)
  An orc wizard (D:6)
  An orc (D:6)
  A bush (Lair:2)
  6 fungi
  5 plants
21 creatures vanquished.

Grand Total: 343 creatures vanquished

Notes
Turn   | Place    | Note
-------+----------+-------------------------------------------
     0 | Abyss:1  | Gargoyl the Centaur Abyssal Knight began the quest for the
                  | Orb.
     0 | Abyss:1  | Reached XP level 1. HP: 19/19 MP: 2/2
    69 | Abyss:1  | Found a corrupted altar of Lugonu.
    72 | Abyss:1  | Found a corrupted altar of Lugonu.
   169 | Abyss:2  | Found a corrupted altar of Lugonu.
   194 | Abyss:3  | Found a corrupted altar of Lugonu.
   224 | Abyss:3  | Noticed a large abomination
   275 | Abyss:4  | Noticed a wretched star
   278 | D:1      | Escaped the Abyss
   292 | D:1      | Found a glowing golden altar of the Shining One.
   362 | D:1      | Reached * piety under Lugonu
   397 | D:1      | Reached XP level 2. HP: 25/26 MP: 3/3
   916 | D:1      | Reached XP level 3. HP: 26/31 MP: 4/4
  1179 | D:2      | Found a bloodstained altar of Trog.
  1204 | D:2      | Reached skill level 2 in Armour
  1585 | D:2      | Reached ** piety under Lugonu
  1748 | D:2      | Reached XP level 4. HP: 37/38 MP: 6/6
  2686 | D:3      | Found an iron altar of Okawaru.
  2833 | D:3      | Reached XP level 5. HP: 44/45 MP: 7/7
  2961 | D:3      | Found a faded altar of an unknown god.
  3238 | D:4      | Reached *** piety under Lugonu
  3591 | D:4      | Reached skill level 3 in Armour
  3634 | D:4      | Noticed an ogre
  3732 | D:4      | Reached XP level 6. HP: 18/52 MP: 8/8
  4313 | D:4      | Reached skill level 1 in Dodging
  4691 | D:4      | Reached XP level 7. HP: 59/59 MP: 8/10
  4851 | D:4      | Got a crude pewter ring
  4852 | D:4      | Identified the ring of the Mackerel {rC+ EV+2 Int+3} (You
                  | found it on level 4 of the Dungeon)
  5229 | D:5      | Entered Level 5 of the Dungeon
  5415 | D:5      | Reached skill level 4 in Armour
  6337 | D:5      | Found a staircase to the Ecumenical Temple.
  6399 | D:5      | Noticed a steam dragon
  6400 | D:5      | Noticed a steam dragon
  6407 | D:5      | You fall through a shaft for 2 floors!
  6414 | D:7      | HP: 1/60 [orc priest/divine providence (14)]
  6418 | D:7      | Reached XP level 8. HP: 31/67 MP: 7/11
  6734 | D:6      | Reached skill level 5 in Armour
  7002 | D:7      | Noticed Harold
  7011 | D:7      | Killed Harold
  7011 | D:7      | Reached skill level 5 in Axes
  7011 | D:7      | Reached skill level 1 in Throwing
  7011 | D:7      | Reached skill level 6 in Armour
  7011 | D:7      | Reached skill level 5 in Invocations
  7233 | D:7      | Reached XP level 9. HP: 69/73 MP: 13/13
  7578 | D:7      | Reached skill level 5 in Fighting
  8503 | D:6      | Reached **** piety under Lugonu
  8605 | D:6      | Noticed Pikel
  8627 | D:6      | Noticed Dowan
  8632 | D:6      | Noticed Duvessa
  8655 | D:6      | Killed Duvessa
  8668 | D:6      | Killed Pikel
  8668 | D:6      | Reached skill level 7 in Armour
  8971 | D:6      | Killed Dowan
  9343 | D:6      | Found a large runed door.
  9343 | D:6      | Found a large runed door.
  9346 | D:6      | Noticed Asdor's ghost (novice DsCK)
  9422 | D:6      | Killed Asdor's ghost
  9887 | D:8      | Reached XP level 10. HP: 71/81 MP: 14/14
 10098 | D:8      | Found a shadowy altar of Dithmenos.
 11221 | D:9      | Reached skill level 8 in Armour
 11640 | D:9      | Noticed a two-headed ogre
 11652 | D:9      | Killed a two-headed ogre
 12043 | D:9      | Found a roughly hewn altar of Beogh.
 12043 | D:9      | Found a staircase to the Orcish Mines.
 12401 | D:9      | Reached ***** piety under Lugonu
 12490 | D:10     | Entered Level 10 of the Dungeon
 12613 | D:10     | Noticed a two-headed ogre
 12652 | D:10     | Banished an unseen horror
 12796 | D:10     | Killed a two-headed ogre
 12796 | D:10     | Reached skill level 9 in Armour
 12796 | D:10     | Reached XP level 11. HP: 46/89 MP: 15/17
 13263 | D:10     | Found Bocleshroy's Jewellery Shoppe.
 13274 | D:10     | Bought an uncursed amulet of regeneration for 300 gold
                  | pieces
 13277 | D:10     | Gained mutation: You have a pair of small horns on your
                  | head. [potion of mutation]
 13277 | D:10     | Gained mutation: You are partially covered in large bone
                  | plates. (SH +4) [potion of mutation]
 13277 | D:10     | Gained mutation: You expend magic power (3 MP) to
                  | strengthen your wands. [potion of mutation]
 13373 | D:10     | Found a staircase to the Lair.
 13425 | Lair:1   | Entered Level 1 of the Lair of Beasts
 14826 | Lair:2   | Noticed Sonja
 14951 | Lair:2   | Reached skill level 10 in Armour
 15067 | Lair:2   | Lost mutation: You have a pair of small horns on your head.
                  | [potion of mutation]
 15067 | Lair:2   | Lost mutation: You expend magic power (3 MP) to strengthen
                  | your wands. [potion of mutation]
 15067 | Lair:2   | Lost mutation: You are partially covered in large bone
                  | plates. (SH +4) [potion of mutation]
 15067 | Lair:2   | Gained mutation: You are frail. (-10% HP) [potion of
                  | mutation]
 15067 | Lair:2   | Gained mutation: You are clumsy. (Dex -2) [potion of
                  | mutation]
 15067 | Lair:2   | Gained mutation: You have supernaturally acute eyesight.
                  | (SInv) [potion of mutation]
 15135 | Lair:2   | Noticed Gastronok
 15156 | Lair:2   | Killed Gastronok
 15206 | Lair:2   | Noticed a death yak
 15206 | Lair:2   | Noticed a death yak
 15233 | Lair:2   | Noticed a death yak
 15236 | Lair:2   | Noticed a death yak
 15238 | Lair:2   | Noticed a death yak
 15253 | Lair:2   | Killed a death yak
 15253 | Lair:2   | Reached XP level 12. HP: 20/87 MP: 18/18
 16119 | Lair:2   | Killed a death yak
 16222 | Lair:1   | Killed a death yak
 16554 | Lair:1   | Killed a death yak
 16842 | Lair:2   | Killed a death yak
 17119 | Lair:2   | Reached skill level 11 in Armour
 17218 | Lair:2   | Banished Sonja
 17386 | Lair:2   | Slain by a black mamba

Skill      XL: |  1  2  3  4  5  6  7  8  9 10 11 12 |
---------------+-------------------------------------+-----
Axes           | 2 3 4 5 6 8 9 |  9.7
Armour         | 2 3 4 6 7 9 10 11 | 11.1
Invocations    | 3 4 5 6 8 9 |  9.9
Dodging        | 1 2 |  2.6
Fighting       | 4 5 6 7 |  7.3
Throwing       | 1 |  1.2
Evocations     | |  0.8

Action                   |  1- 3 |  4- 6 |  7- 9 | 10-12 || total
-------------------------+-------+-------+-------+-------++-------
Melee: Hand axe          |   112 |   157 |   323 |   594 ||  1186
       Kick              |    20 |    29 |    73 |   209 ||   331
       Headbutt          |       |       |       |    26 ||    26
Throw: Tomahawk          |       |     2 |     4 |     3 ||     9
Invok: Depart the Abyss  |     1 |       |       |       ||     1
       Banish            |       |       |     1 |     9 ||    10
       Bend Space        |       |       |       |     1 ||     1
Evoke: Wand              |       |       |       |     5 ||     5
  Use: Scroll            |     9 |     4 |    16 |     8 ||    37
       Potion            |       |     2 |     4 |     3 ||     9
  Eat: Chunk             |     1 |     8 |    11 |    14 ||    34
       Ration            |       |       |     1 |     3 ||     4
Armor: Chain mail        |   103 |    90 |   105 |       ||   298
       Plate armour      |       |       |   112 |   474 ||   586
Dodge: Dodged            |    25 |    34 |    44 |   121 ||   224
Block: Other             |       |       |       |    25 ||    25
